 Dungeon Crawl Stone Soup version 0.31-a0-232-gb1c03b2570 (webtiles) character file.

Game seed: 6125376036499568235

89 qw the Shooter (level 4, -4/36 HPs)
             Began as a Minotaur Hexslinger on July 6, 2023.
             Killed from afar by Natasha (6 damage)
             ... with a magic dart
             ... on level 2 of the Dungeon.
             The game lasted 00:00:35 (1035 turns).

qw the Shooter (Minotaur Hexslinger)                Turns: 1035, Time: 00:00:35

Health: -4/36      AC:  3    Str: 13    XL:     4   Next: 31%
Magic:  4/4        EV: 12    Int: 10    God:
Gold:   164        SH:  0    Dex: 14    Spells: 4/5 levels left

rFire   . . .        a - +1 sling
rCold   . . .        (no shield)
rNeg    . . .        e - +0 leather armour
rPois   .            (helmet restricted)
rElec   .            (no cloak)
rCorr   .            (no gloves)
SInv    .            (no boots)
Will    .....        (no amulet)
Stlth   +            (no ring)
HPRegen 0.26/turn    (no ring)
MPRegen 0.09/turn

%: no passive effects
@: lethally poisoned (-4 -> -7)
A: horns 2, retaliatory headbutt
a: no special abilities


You were on level 2 of the Dungeon.
You visited 1 branch of the dungeon, and saw 2 of its levels.

You collected 164 gold pieces.


Innate Abilities, Weirdness & Mutations

You have a pair of horns on your head.
You reflexively headbutt those who attack you in melee.


   Skills:
 - Level 2.0 Fighting
 + Level 4.8 Ranged Weapons
 - Level 2.1 Dodging
 - Level 1.0 Spellcasting
 - Level 2.0 Hexes


You had 4 spell levels left.
You knew the following spells:

 Your Spells              Type           Power      Damage    Failure   Level
a - Slow                  Hex            16%        N/A       19%         1

Your spell library contained the following spells:

 Spells                   Type           Power      Damage    Failure   Level
 Inner Flame              Hex/Fire       2%         N/A       65%         3
 Portal Projectile        Hex/Tloc       4%         N/A       65%         3
 Cause Fear               Hex            2%         N/A       88%         4

Inventory:

Hand Weapons
 a - a +1 sling (weapon)
Armour
 b - a +0 cloak
 e - a +0 leather armour (worn)
 g - a +0 ring mail
Scrolls
 c - a scroll of amnesia {unknown}
Potions
 d - a potion of haste
 f - a potion of magic {unknown}

Dungeon Overview and Level Annotations

Branches:
Dungeon (2/15)

Altars:
The Shining One

Annotations:
D:2 Natasha


Message History

The cerulean imp closely misses you.
Natasha casts a spell.
The adder bites you.
You are poisoned.
The adder poisons you!
You shoot a sling bullet.
The sling bullet closely misses Natasha.
You feel sick. Natasha claws you.
The cerulean imp hits you from afar with a +2 spear.
The adder bites you.
The cerulean imp hits you with a +0 spear.
You shoot a sling bullet. The sling bullet hits Natasha.
Natasha is heavily wounded.
You feel sick. Natasha barely misses you. The adder bites you.
You are more poisoned.
The adder poisons you!
The cerulean imp hits you from afar with a +2 spear.
Natasha claws you but does no damage.
The cerulean imp hits you but does no damage.
You shoot a sling bullet. The sling bullet hits Natasha.
Natasha is almost dead.
You feel sick. The adder closely misses you. Natasha casts a spell at you.
The magic dart hits you.
The cerulean imp hits you from afar with a +2 spear.
The cerulean imp hits you with a +0 spear.
The adder barely misses you. Natasha barely misses you.
You shoot a sling bullet.
The sling bullet closely misses Natasha.
You feel sick.
The cerulean imp hits you from afar with a +2 spear.
Natasha closely misses you. The adder closely misses you.
You furiously retaliate!
You headbutt the adder.
The cerulean imp hits you but does no damage.
The cerulean imp completely misses you.
You shoot a sling bullet. The sling bullet barely misses Natasha.
You feel sick.
Natasha stares at you and mumbles some strange words.
The magic dart hits you.
You die...

#>.......# ###........#
#...#......# ##########
#.#.#......# #.........
#.#.#...>..# #.........
#.#.#......## #.%.......
#+#.####....###.........
....# #....'.'...5.....
..).#####...###.@S..$...
PP8P+..##...# #5.h5.....
.8..##.##...############
8...##.##.......#
..P..#.##.......#
####...##.......#
###..).......#
###.#......# ######
#..#######


You could see Natasha (fast), 3 cerulean imps and an adder.

Vanquished Creatures
  Natasha (D:2)
  An adder zombie (D:2)
  An adder skeleton (D:2)
  A worm (D:2)
  10 ball pythons
  3 bats (D:1)
  2 endoplasms
  3 giant cockroaches (D:1)
  4 goblins (D:1)
  8 hobgoblins
  6 kobolds
  2 quokkas
  A ball python zombie (D:2)
  4 frilled lizards
47 creatures vanquished.

Notes
Turn   | Place    | Note
-------+----------+-------------------------------------------
     0 | D:1      | qw the Minotaur Hexslinger began the quest for the Orb.
     0 | D:1      | Reached XP level 1. HP: 16/16 MP: 1/1
     0 | D:1      | 0 ||| qw: Version: 0.3-a-46-gb1f654a
     0 | D:1      | 0 ||| qw: Game counter: 2049
     0 | D:1      | 0 ||| qw: Melee chars always use a shield: true
     0 | D:1      | 0 ||| qw: God list: Okawaru
     0 | D:1      | 0 ||| qw: Allow faded altars: false
     0 | D:1      | 0 ||| qw: Do Orc after clearing Dungeon:15 true
     0 | D:1      | 0 ||| qw: Do second Lair branch before Depths: true
     0 | D:1      | 0 ||| qw: Lair rune preference: random
     0 | D:1      | 0 ||| qw: Goals: Normal
     0 | D:1      | 0 ||| PLANNING D:1-11
    84 | D:1      | Reached skill level 3 in Ranged Weapons
    95 | D:1      | Reached XP level 2. HP: 23/23 MP: 2/2
   321 | D:1      | Reached XP level 3. HP: 24/29 MP: 3/3
   632 | D:1      | 632 ||| UPGRADING to +0 leather armour.
   642 | D:1      | 642 ||| DROPPING +0 robe.
   643 | D:1      | 643 ||| DRINKING 2 murky green potions.
   644 | D:1      | 644 ||| DROPPING scroll of poison.
   661 | D:2      | Noticed Natasha
   668 | D:2      | Killed Natasha
   669 | D:2      | Reached skill level 4 in Ranged Weapons
   678 | D:2      | Reached XP level 4. HP: 36/36 MP: 4/4
   765 | D:2      | Found a glowing golden altar of the Shining One.
  1024 | D:2      | Noticed Natasha
  1033 | D:2      | HP: 8/36 [cerulean imp/+2 spear[Natasha] (5)]
  1034 | D:2      | HP: 3/36 [cerulean imp/+2 spear[Natasha] (3)]
  1035 | D:2      | Killed from afar by Natasha

Levels and vault maps discovered:
D:1:      dpeg_arrival_central, layout_basic, st_stairs_6,
          grunt_decor_resistance
D:2:      layout_basic, basic_altar, serial_undead, serial_undead_b,
          serial_undead_b, serial_undead_b, serial_undead_c, serial_undead_c,
          uniq_natasha

Skill      XL: |  1  2  3 |
---------------+----------+-----
Ranged Weapons | 3 4 |  4.8
Fighting       | 2 |  2.0
Dodging        | |  2.1
Spellcasting   | |  1.0
Hexes          | |  2.0

Action                     |  1- 3 |  4- 6 || total
---------------------------+-------+-------++-------
   Fire: Sling             |    98 |    64 ||   162
    Use: Potion            |     1 |       ||     1
 Armour: Robe              |     1 |       ||     1
         Leather armour    |       |     9 ||     9
  Dodge: Dodged            |    12 |    32 ||    44

Table legend:
 A = Non-vault XP
 B = Vault XP
 C = Vault XP percentage of total XP
 D = Non-vault monster count
 E = Vault monster count
 F = Vault count percentage of total count
                 A         B        C        D         E       F
            +---------+---------+-------+---------+---------+-------
      Total |      78 |      50 |  39.1 |      42 |       5 |  10.6
            +---------+---------+-------+---------+---------+-------
        D:1 |      48 |       2 |   4.0 |      27 |       1 |   3.6
        D:2 |      30 |      48 |  61.5 |      15 |       4 |  21.1
            +---------+---------+-------+---------+---------+-------
